 Dungeon Crawl Stone Soup version 0.25.1-2-g60ff931df9 (webtiles) character file.

Game seed: 17454116540325454436

167 UnknownFlame the Chopper (level 5, -6/47 HPs)
             Began as a Hill Orc Fighter on Aug 24, 2020.
             Splashed by a jelly's acid (10 damage)
             ... on level 3 of the Dungeon.
             The game lasted 00:11:35 (2531 turns).

UnknownFlame the Chopper (Hill Orc Fighter)         Turns: 2531, Time: 00:11:36

Health: -6/47      AC:  0    Str: 20    XL:     5   Next: 48%
Magic:  5/5        EV:  7    Int:  8    God:
Gold:   98         SH:  9    Dex: 10    Spells: 4/4 levels left

rFire    . . .     SeeInvis .   a - +2 war axe
rCold    . . .     Gourm    .   c - +0 kite shield
rNeg     . . .     Faith    .   b - +0 scale mail
rPois    .         Spirit   .   (no helmet)
rElec    .         Reflect  .   (no cloak)
rCorr    .         Harm     .   (no gloves)
MR       .....                  (no boots)
Stlth    ..........             (no amulet)
HPRegen  0.15/turn              (no ring)
MPRegen  0.09/turn              (no ring)

@: corroded
A: shaggy fur 1
a: no special abilities


You were on level 3 of the Dungeon.
You were not hungry.

You visited 1 branch of the dungeon, and saw 3 of its levels.

You collected 98 gold pieces.

Inventory:

Hand Weapons
 a - a +2 war axe (weapon)
 k - a +1 dagger of flaming
Missiles
 e - 97 stones (quivered)
Armour
 b - a +0 scale mail (worn)
 c - a +0 kite shield (worn)
 h - a +0 ring mail
Scrolls
 j - a scroll of remove curse
Potions
 d - a potion of might
Comestibles
 f - 3 rations


   Skills:
 + Level 4.3 Fighting
 + Level 4.8 Axes
 + Level 3.7 Armour
 + Level 0.6 Dodging
 + Level 0.1 Stealth
 + Level 4.5 Shields


You had 4 spell levels left.
You didn't know any spells.
Your spell library was empty.

Dungeon Overview and Level Annotations

Branches:
Dungeon (3/15)

Altars:

Annotations:
D:3 2 transporters, greedy's ghost, amateur DsGl


Innate Abilities, Weirdness & Mutations

You are covered in fur. (AC +1)


Message History

You block the jelly's attack.
You slash the jelly! The acid corrodes you!
Your hands burn!
* * * LOW HITPOINT WARNING * * *
The jelly is heavily wounded.
The jelly hits you but does no damage.
An ooze comes into view.
You see here a stone.
The ooze quivers.
You see here 2 stones.
The jelly jiggles.
There is an open door here.
The jelly hits you.
* * * LOW HITPOINT WARNING * * *
You are splashed with acid!
* * * LOW HITPOINT WARNING * * *
You block the jelly's attack. The jelly hits you.
* * * LOW HITPOINT WARNING * * *
The acid corrodes you!
You are splashed with acid!
You die...

###.......#..#########
........)(())..÷......
#####'''####.######.##
##...## #.# #.#
##.....###.# ####.##
#.......##.# #......
#.......##.# #.#####
#.......##.###.#..?.
#..@....##..##.#....
#..JJ######.##.#..##
#....'J.###.##.#..#8
########.##....#....
#.(JJ.(###...©#....
#.####### #.#..#Z...
#<##.#..#8 #.##.#..##
#.##.#....


You could see 2 jellies and an ooze.

Vanquished Creatures
  A howler monkey (D:3)
  A jelly (D:3)
  3 adders (D:2)
  An ooze (D:2)
  A worm (D:2)
  A dart slug (D:2)
  2 leopard geckos
  5 bats
  2 giant cockroaches
  2 goblins (D:1)
  6 hobgoblins
  6 jackals
  4 frilled lizards
  13 kobolds
  8 rats
56 creatures vanquished.

Vanquished Creatures (others)
  6 fungi (D:3)
  9 toadstools (D:3)
15 creatures vanquished.

Grand Total: 71 creatures vanquished

Notes
Turn   | Place    | Note
-------+----------+-------------------------------------------
     0 | D:1      | UnknownFlame the Hill Orc Fighter began the quest for the
                  | Orb.
     0 | D:1      | Reached XP level 1. HP: 19/19 MP: 1/1
   179 | D:1      | Reached XP level 2. HP: 27/27 MP: 2/2
   625 | D:1      | Reached XP level 3. HP: 22/33 MP: 3/3
  1045 | D:1      | Gained mutation: You are dopey. (Int -2) [potion of
                  | mutation]
  1045 | D:1      | Gained mutation: You are covered in fur. (AC +1) [potion of
                  | mutation]
  1045 | D:1      | Lost mutation: You are dopey. (Int -2) [potion of mutation]
  1492 | D:2      | Reached XP level 4. HP: 37/40 MP: 4/4
  2127 | D:3      | Found a transporter.
  2146 | D:3      | Found a transporter.
  2147 | D:3      | Noticed greedy's ghost (amateur DsGl)
  2169 | D:3      | Reached XP level 5. HP: 41/46 MP: 5/5
  2531 | D:3      | Splashed by a jelly's acid

Illustrated notes

Levels and vault maps discovered:
D:1:      minmay_arrival_stair_chambers, layout_basic, solitary_fountain
D:2:      layout_basic, first_ration
D:3:      cheibrodos_fertilizer, layout_basic, gammafunk_ghost_mausoleum

Skill      XL: |  1  2  3  4 |
---------------+-------------+-----
Fighting       | 4 |  4.3
Axes           | 3 4 |  4.8
Shields        | 4 |  4.5
Armour         | |  3.7
Dodging        | |  0.6
Stealth        | |  0.1

Action                   |  1- 3 |  4- 6 || total
-------------------------+-------+-------++-------
Melee: War axe           |   132 |    77 ||   209
  Use: Scroll            |     5 |     4 ||     9
       Potion            |     4 |     2 ||     6
  Eat: Chunk             |     2 |     2 ||     4
       Ration            |       |     1 ||     1
Armor: Scale mail        |    58 |    44 ||   102
Dodge: Dodged            |    53 |    19 ||    72
Block: Kite shield       |    89 |    53 ||   142
